 Dungeon Crawl Stone Soup version 0.19-a0-1201-gda63bca (webtiles) character file.

282 epen the Ducker (level 6, -2/49 HPs)
             Began as a Merfolk Monk on Aug 20, 2016.
             Was a Believer of Cheibriados.
             Slain by a worker ant (7 damage)
             ... on level 4 of the Dungeon.
             The game lasted 00:03:41 (3289 turns).

epen the Ducker (Merfolk Monk)                      Turns: 3289, Time: 00:03:42

Health: -2/49      AC:  2    Str: 17    XL:     6   Next: 28%
Magic:  6/6        EV: 16    Int: 14    God:    Cheibriados [**....]
Gold:   178        SH:  0    Dex: 20    Spells: 0 memorised, 5 levels left

rFire  . . .     SeeInvis .       - Unarmed
rCold  . . .     Gourm    .     a - +0 robe
rNeg   . . .     Faith    .     (no shield)
rPois  .         Spirit   .     (no helmet)
rElec  .         Dismiss  .     (no cloak)
rCorr  .         Reflect  .     (no gloves)
MR     .....     Harm     .     (no boots)
Stlth  ++........               (no amulet)
                                (no ring)
                                (no ring)

@: lethally poisoned (-2 -> -3), flying, very slow
A: change form in water, swift swim
a: Bend Time, Renounce Religion


You were on level 4 of the Dungeon.
You worshipped Cheibriados.
Cheibriados was pleased with you.
You were not hungry.

You visited 1 branch of the dungeon, and saw 4 of its levels.

You collected 178 gold pieces.

Inventory:

Armour
 a - a +0 robe (worn)
Jewellery
 d - an uncursed ring of fire
Wands
 s - a wand of slowing (20/48)
Scrolls
 c - a scroll of immolation {unknown}
 e - a scroll of remove curse {unknown}
 f - 5 scrolls of identify {unknown}
 g - a scroll of blinking {unknown}
 h - a scroll of enchant weapon {unknown}
 m - a scroll of fog {unknown}
 o - a scroll of recharging {unknown}
 p - a scroll of enchant armour {unknown}
Potions
 i - a potion of agility
 l - a potion of curing {unknown}
 n - a potion of heal wounds {unknown}
Comestibles
 b - 3 bread rations
 j - a meat ration
 q - a beef jerky


   Skills:
 + Level 4.5 Fighting
 + Level 5.9 Dodging
 - Level 2.1 Stealth
 * Level 5.7 Unarmed Combat
 * Level 0.0 Invocations


You had 5 spell levels left.
You didn't know any spells.

Dungeon Overview and Level Annotations

Branches:
Dungeon (4/15)
 Temple: D:4-7

Altars:
Cheibriados
Nemelex Xobeh
Vehumet


Message History

The worker ant is severely wounded.
The worker ant misses you.
You hit the worker ant but do no damage.
The worker ant is severely wounded.
You feel sick. The worker ant barely misses you.
You hit the worker ant but do no damage.
The worker ant is severely wounded.
The worker ant bites you.
* * * LOW HITPOINT WARNING * * *
You hit the worker ant.
The worker ant is severely wounded.
The worker ant closely misses you.
You closely miss the worker ant.
The worker ant is severely wounded.
The worker ant bites you.
* * * LOW HITPOINT WARNING * * *
It was a potion of flight.
You feel very buoyant.
You fly up into the air.
You feel sick. The worker ant bites you!
You die...

#...............#
#...............##
#................## #
#.................###.#
#>.................##.##
##......................
##.................#.#.
#####.##...>.....##.#.
#@##.........##.##
#a##.........##.##
#.##.........##.##
#.##..............
#.##..............
#.##..............
#.###............. #.#
##.....#......
##.########..


You could see a worker ant.

Vanquished Creatures
  2 worker ants (D:4)
  2 orc wizards (D:3)
  8 adders
  A gnoll (D:3)
  An ooze (D:2)
  3 worms
  2 dart slugs
  7 orcs
  3 giant cockroaches
  6 goblins
  12 hobgoblins
  5 jackals
  4 quokkas
  3 ball pythons
  10 bats
  A giant newt (D:2)
  3 kobolds (D:1)
  A quokka skeleton (D:4)
  8 rats
82 creatures vanquished.

Vanquished Creatures (others)
  A bat (D:1)
1 creature vanquished.

Grand Total: 83 creatures vanquished

Notes
Turn   | Place    | Note
-------+----------+-------------------------------------------
     0 | D:1      | epen the Merfolk Monk began the quest for the Orb.
     0 | D:1      | Reached XP level 1. HP: 18/18 MP: 1/1
   123 | D:1      | Reached XP level 2. HP: 21/24 MP: 2/2
   126 | D:1      | Found a sparkling altar of Nemelex Xobeh.
   773 | D:1      | Reached XP level 3. HP: 10/29 MP: 3/3
  1188 | D:2      | Found a radiant altar of Vehumet.
  1630 | D:2      | Reached XP level 4. HP: 14/37 MP: 4/4
  1956 | D:2      | Reached skill level 5 in Dodging
  2457 | D:3      | Reached skill level 5 in Unarmed Combat
  2457 | D:3      | Reached XP level 5. HP: 33/42 MP: 5/5
  2851 | D:3      | Found a snail-covered altar of Cheibriados.
  2870 | D:3      | Became a worshipper of Cheibriados the Contemplative
  2870 | D:3      | Reached * piety under Cheibriados
  2870 | D:3      | Reached ** piety under Cheibriados
  2936 | D:3      | Reached XP level 6. HP: 47/49 MP: 6/6
  3289 | D:4      | Slain by a worker ant

Vault maps used:
D:1:      roderic_dead_forest, nemelex_altar_shiori
D:2:      wad_crossroads, vehumet_crystals
D:3:      cheibriados_altar_wand_db, serial_curves, eino_curves_03,
          eino_curves_04
D:4:      kennysheep_mini_moat, serial_shops, nicolae_shop_behind_doors,
          uniq_crazy_yiuf_cottage

Skill      XL: |  1  2  3  4  5 |
---------------+----------------+-----
Unarmed Combat | 4 5 |  5.7
Dodging        | 5 |  5.9
Fighting       | 4 |  4.5
Stealth        | |  2.1

Action                   |  1- 3 |  4- 6 || total
-------------------------+-------+-------++-------
Melee: Unarmed           |   152 |   196 ||   348
       Punch             |     6 |     3 ||     9
  Use: Potion            |       |     3 ||     3
 Stab: Sleeping          |     5 |     4 ||     9
       Distracted        |     1 |       ||     1
  Eat: Chunk             |     2 |     5 ||     7
Armor: Robe              |    16 |    23 ||    39
Dodge: Dodged            |   102 |   176 ||   278
